 Dungeon Crawl Stone Soup version 0.19.1-1-g22dce08 (webtiles) character file.

1171 markt42 the Cudgeler (level 8, -5/48 HPs)
             Began as a Gargoyle Fighter on Dec 29, 2016.
             Was a Believer of Okawaru.
             Slain by markt42's ghost (9 damage)
             ... on level 6 of the Dungeon.
             The game lasted 00:06:26 (5646 turns).

markt42 the Cudgeler (Gargoyle Fighter)             Turns: 5646, Time: 00:06:27

Health: -5/48      AC: 16    Str: 28    XL:     8   Next: 41%
Magic:  8/8        EV:  7    Int: 11    God:    Okawaru [**....]
Gold:   407        SH: 10    Dex:  9    Spells: 0 memorised, 7 levels left

rFire  . . .     SeeInvis .     a - +1 flail
rCold  . . .     Gourm    .     w - +0 chain mail
rNeg   + + .     Faith    +     c - +0 shield
rPois  ∞         Spirit   .     (no helmet)
rElec  +         Reflect  .     (no cloak)
rCorr  .         Harm     .     E - +0 pair of gloves
MR     .....                    (no boots)
Stlth  ..........               s - amulet of faith
                                y - ring of positive energy
                                k - +3 ring of intelligence

@: mighty
A: negative energy resistance 1, electricity resistance, unbreathing,
petrification resistance, rot immunity, AC +5
a: Heroism, Renounce Religion


You were on level 6 of the Dungeon.
You worshipped Okawaru.
Okawaru was pleased with you.
You were hungry.

You visited 2 branches of the dungeon, and saw 7 of its levels.
You also visited: Sewer.

You collected 407 gold pieces.

Inventory:

Hand Weapons
 a - a +1 flail (weapon)
Armour
 c - a +0 shield (worn)
 w - a +0 chain mail (worn)
 E - a +0 pair of gloves (worn)
Jewellery
 k - a +3 ring of intelligence (left hand)
 q - an uncursed amulet of the gourmand
 s - an amulet of faith (around neck)
 t - an uncursed ring of stealth
 y - a ring of positive energy (right hand)
Wands
 C - a wand of iceblast (7/15)
 F - a wand of iceblast (9/15)
Scrolls
 h - 4 scrolls of teleportation
 j - 6 scrolls of identify
 n - 3 scrolls of noise {unknown}
 o - a scroll of enchant weapon
 u - 2 scrolls of blinking
 v - a scroll of recharging
 A - a scroll of amnesia {unknown}
 D - a scroll of fear {unknown}
Potions
 b - 4 potions of brilliance {unknown}
 d - a potion of might
 e - 2 potions of heal wounds {unknown}
 i - 2 potions of flight {unknown}
 m - 4 potions of curing {unknown}
 p - 2 potions of cure mutation {unknown}
 r - 3 potions of agility {unknown}
 z - a potion of resistance {unknown}
 B - 2 potions of degeneration {unknown}
Comestibles
 f - 6 bread rations
 g - 2 slices of pizza
 l - 5 meat rations
 x - a royal jelly


   Skills:
 + Level 4.8 Fighting
 * Level 7.2 Maces & Flails
 + Level 4.9 Armour
 + Level 1.8 Dodging
 + Level 5.6 Shields


You had 7 spell levels left.
You didn't know any spells.

Dungeon Overview and Level Annotations

Branches:
Dungeon (6/15)             Temple (1/1) D:4

Altars:
Ashenzari
Cheibriados
Dithmenos
Fedhas
Gozag
Kikubaaqudgha
Makhleb
Nemelex Xobeh
Okawaru
Trog
The Shining One

Shops:
D:4 ?

Annotations:
D:6 markt42's ghost, novice GrFi


Innate Abilities, Weirdness & Mutations

You are resistant to torment.
Your stone body is resilient. (AC +5)
You are immune to poison.
You resist negative energy. (rN+)
You are resistant to electric shocks. (rElec)
You can survive without breathing.
You are immune to petrification.
You are immune to rotting.


Message History

You closely miss markt42's ghost.
Markt42's ghost is severely damaged.
You block markt42's ghost's attack.
You closely miss markt42's ghost.
Markt42's ghost is severely damaged.
The worker ant waves its antennae.
You block markt42's ghost's attack.
You thump markt42's ghost!
Markt42's ghost is almost destroyed.
You block markt42's ghost's attack.
You miss markt42's ghost.
Markt42's ghost is almost destroyed.
Markt42's ghost hits you!
* * * LOW HITPOINT WARNING * * *
You are too injured to fight recklessly!
You are too injured to fight recklessly!
Your chain mail prevents you from hitting markt42's ghost.
Markt42's ghost is almost destroyed.
Markt42's ghost hits you!
You die...

#########
#......<#####
#.#.....@...#
#.###W###.# #.
##a## # #...#
#.....#
...........
.............
#.o.#.......#.>.
...............#


You could see a worker ant and markt42's ghost.

Vanquished Creatures
  An orc warrior (D:5)
  A phantom (D:4)
  2 big kobolds (Sewer)
  2 bullfrogs
  A scorpion (D:4)
  A crimson imp (D:5)
  2 hounds (D:5)
  2 orc priests (D:5)
  6 orc wizards
  2 worker ants
  A killer bee zombie (D:5)
  2 hound skeletons (D:4)
  8 adders
  A shadow imp (D:5)
  6 oozes
  An adder skeleton (D:4)
  4 worms
  3 dart slugs
  6 leopard geckos
  11 orcs
  11 bats
  6 giant cockroaches
  10 goblins
  13 hobgoblins
  11 jackals
  4 quokkas
  A ball python (Sewer)
  8 frilled lizards
  18 kobolds
  A leopard gecko skeleton (D:5)
  A quokka skeleton (D:5)
  A quokka zombie (D:5)
  8 rats
156 creatures vanquished.

Notes
Turn   | Place    | Note
-------+----------+-------------------------------------------
     0 | D:1      | markt42 the Gargoyle Fighter began the quest for the Orb.
     0 | D:1      | Reached XP level 1. HP: 14/14 MP: 1/1
   169 | D:1      | Reached XP level 2. HP: 17/19 MP: 2/2
   589 | D:1      | Reached XP level 3. HP: 23/23 MP: 3/3
  1131 | D:2      | Found a blossoming altar of Fedhas.
  1198 | D:2      | Reached skill level 1 in Dodging
  1198 | D:2      | Reached XP level 4. HP: 26/28 MP: 4/4
  1898 | D:3      | Reached skill level 3 in Maces & Flails
  2369 | D:3      | Reached XP level 5. HP: 32/32 MP: 5/5
  2997 | D:4      | Found a glowing drain.
  3022 | Sewer    | Entered a sewer
  3147 | Sewer    | Noticed a big kobold
  3160 | Sewer    | Killed a big kobold
  3160 | Sewer    | Reached skill level 4 in Maces & Flails
  3160 | Sewer    | Reached XP level 6. HP: 23/38 MP: 6/6
  3328 | D:4      | Found Aczetudd's Magic Scroll Boutique.
  3415 | D:4      | Found a staircase to the Ecumenical Temple.
  3431 | Temple   | Entered the Ecumenical Temple
  3531 | Temple   | Became a worshipper of Warmaster Okawaru
  3585 | D:4      | Reached skill level 5 in Maces & Flails
  3600 | D:4      | Noticed a phantom
  3606 | D:4      | Reached XP level 7. HP: 37/43 MP: 7/7
  3917 | D:5      | Entered Level 5 of the Dungeon
  3944 | D:5      | Reached * piety under Okawaru
  4108 | D:5      | Found a sparkling altar of Nemelex Xobeh.
  4133 | D:5      | Reached skill level 6 in Maces & Flails
  4286 | D:5      | Reached skill level 5 in Shields
  4429 | D:5      | Reached XP level 8. HP: 24/48 MP: 8/8
  4660 | D:6      | Noticed markt42's ghost (novice GrFi)
  4675 | D:5      | Reached ** piety under Okawaru
  4910 | D:5      | Reached skill level 7 in Maces & Flails
  5646 | D:6      | Slain by markt42's ghost

Skill      XL: |  1  2  3  4  5  6  7  8 |
---------------+-------------------------+-----
Dodging        | 1 |  1.8
Maces & Flails | 3 4 5 6 7 |  7.2
Shields        | 4 5 |  5.6
Armour         | 4 |  4.9
Fighting       | 4 |  4.8

Action                   |  1- 3 |  4- 6 |  7- 9 || total
-------------------------+-------+-------+-------++-------
Melee: Flail             |   191 |   327 |   286 ||   804
  Use: Scroll            |     1 |     6 |       ||     7
       Potion            |       |       |     2 ||     2
  Eat: Chunk             |     1 |    23 |     1 ||    25
Armor: Scale mail        |   101 |   121 |       ||   222
       Chain mail        |       |   115 |   172 ||   287
Dodge: Dodged            |    59 |   120 |    74 ||   253
Block: Shield            |   132 |   213 |   157 ||   502
